 Dungeon Crawl Stone Soup version 0.31-a0-870-g10ed682358 (webtiles) character file.

Game seed: 10556051442673713519

12744 Bnni the Geomancer (level 12, -8/91 HPs)
             Began as a Formicid Earth Elementalist on Oct 11, 2023.
             Was an Elder of Cheibriados.
             Killed from afar by an electric eel (9 damage)
             ... with a bolt of electricity
             ... on level 1 of the Lair of Beasts on Oct 12, 2023.
             The game lasted 00:30:11 (12672 turns).

Bnni the Geomancer (Formicid Earth Elementalist)   Turns: 12672, Time: 00:30:12

Health: -8/91      AC: 12    Str: 24    XL:     12   Next: 24%
Magic:  20/22      EV: 11    Int: 35    God:    Cheibriados [****..]
Gold:   1426       SH: 13    Dex: 24    Spells: 11/25 levels left

rFire   . . .        m - +2 dagger (venom)
rCold   . . .        Q - +2 kite shield
rNeg    + . .        q - +4 ring mail
rPois   +            (helmet unavailable)
rElec   .            t - +0 cloak
rCorr   .            (no gloves)
SInv    +            (no boots)
Will    +....        r - macabre finger necklace {Finger+ rN+}
Stlth   ++           g - ring of wizardry
HPRegen 0.35/turn    j - +6 ring of intelligence
MPRegen 0.18/turn    i - ring of poison resistance

%: wizardry (x1)
@: very slow
A: permanent stasis, dig shafts and tunnels, antennae 3, four strong arms
a: Dig, Shaft Self, Renounce Religion, Bend Time, Temporal Distortion, Slouch


You were on level 1 of the Lair of Beasts.
You worshipped Cheibriados.
Cheibriados was greatly pleased with you.
You visited 3 branches of the dungeon, and saw 14 of its levels.
You also visited: Bailey.

You collected 1426 gold pieces.

Inventory:

Hand Weapons
 m - a +2 dagger of venom (weapon)
Missiles
 k - 36 poisoned darts
 J - 8 curare-tipped darts
Armour
 q - a +4 ring mail (worn)
 t - a +0 cloak (worn)
 E - a +0 plate armour
 K - the +2 robe of Focus {rN+ Regen+ Int+3 Archmagi}
   (You found it in a bailey)

   Int+3:     It affects your intelligence (+3).
   rN+:       It protects you from negative energy.
   Regen+:    It increases your rate of health regeneration.
   Archmagi:  It increases the power of your magical spells.
 Q - a +2 kite shield (worn)
Jewellery
 g - a ring of wizardry (left hand)
 i - a ring of poison resistance (on amulet)
 j - a +6 ring of intelligence (right hand)
 r - the macabre finger necklace (around neck) {Finger+ rN+}
   (You found it on level 3 of the Dungeon)

   [amulet of nothing]

   Finger+:   It enables you to equip an extra ring.
   rN+:       It protects you from negative energy.
 v - the ring of Gyiq {Ice rCorr Int+5 SInv}
   (You found it on level 5 of the Dungeon)

   [ring of ice]

   Ice:       It enhances your ice magic.
   Int+5:     It affects your intelligence (+5).
   rF-:       It makes you vulnerable to fire.
   rC+:       It protects you from cold.
   SInv:      It lets you see invisible.
   rCorr:     It protects you from acid and corrosion.
 B - a ring of ice
Wands
 D - a wand of flame (22)
 F - a wand of mindburst (20)
 O - a wand of iceblast (6)
 P - a wand of charming (3)
 R - a wand of light (5)
Scrolls
 a - a scroll of acquirement {unknown}
 d - 6 scrolls of fog
 e - 2 scrolls of silence {unknown}
 h - 3 scrolls of enchant weapon {unknown}
 l - a scroll of amnesia {unknown}
 n - 6 scrolls of teleportation {unknown}
 o - 8 scrolls of immolation
 s - a scroll of poison {unknown}
 w - a scroll of noise {unknown}
 x - 3 scrolls of revelation
 y - 3 scrolls of blinking {unknown}
 H - 3 scrolls of fear
 N - a scroll of vulnerability {unknown}
Potions
 b - 2 potions of magic
 c - 3 potions of brilliance
 f - a potion of heal wounds
 p - 2 potions of lignification
 u - 4 potions of might
 z - a potion of attraction {unknown}
 A - 2 potions of mutation
 C - 2 potions of invisibility
 G - a potion of ambrosia
 I - a potion of curing {unknown}
 L - a potion of haste {unknown}
 M - a potion of berserk rage {unknown}
 S - a potion of degeneration {unknown}


   Skills:
 + Level 7.5 Fighting
 * Level 7.6 Armour
 - Level 1.7 Dodging
 - Level 2.4 Stealth
 * Level 4.0 Shields
 + Level 7.1 Spellcasting
 + Level 8.3 Conjurations
 - Level 3.0 Transmutations
 + Level 11.9 Earth Magic
 + Level 5.3 Invocations


You had 11 spell levels left.
You knew the following spells:

 Your Spells              Type           Power      Damage    Failure   Level
a - Sandblast             Erth           100%       2d20      1%          1
b - Brom's Barrelling Bo  Conj/Erth      70%        2d8       1%          4
c - Stone Arrow           Conj/Erth      100%       3d13      1%          3
d - Petrify               Tmut/Erth      59%        N/A       1%          4
p - Passwall              Tmut/Erth      49%        N/A       1%          2

Your spell library contained the following spells:

 Spells                   Type           Power      Damage    Failure   Level
 Foxfire                  Conj/Fire      100%       2x1d9     1%          1
 Apportation              Tloc           24%        N/A       4%          1
 Cigotuvi's Dreadful Rot  Necr/Pois/Air  24%        N/A       6%          2
 Ignite Poison            Fire/Tmut/Pois 19%        N/A       9%          3
 Freezing Cloud           Conj/Ice/Air   16%        6-21      34%         5
 Manifold Assault         Tloc           12%        N/A       38%         4
 Starburst                Conj/Fire      20%        6d7       71%         6
 Plasma Beam              Fire/Air       6%         2x1d16    99%         6
 Blink                    Tloc           Unusable   N/A       N/A         2

Dungeon Overview and Level Annotations

Branches:
Dungeon (12/15)            Temple (1/1) D:6            Lair (1/5) D:8
    Orc (0/2) D:10         Bailey (visited)

Altars:
Ashenzari
Cheibriados
Dithmenos
Elyvilon
Fedhas
Gozag
Hepliaklqana
Kikubaaqudgha
Makhleb
Nemelex Xobeh
Okawaru
Qazlal
Sif Muna
Trog
Uskayaw
Vehumet
Wu Jian
Xom
Yredelemnul
Zin
The Shining One

Shops:
D:6 (

Annotations:
D:9 3 runed translucent doors


Innate Abilities, Weirdness & Mutations

You cannot be hasted, slowed, berserked, paralysed or teleported.
You can dig through walls and to a lower floor.
You have a pair of large antennae on your head. (SInv)
Your four strong arms can wield two-handed weapons with a shield.


Message History

Aim: a blink frog (74% to hit)
The blast of sand hits the blink frog!!
The blink frog is almost dead.
The blink frog is engulfed in a cloud of scalding steam.
You block the blink frog's attack.
The blink frog blinks! x2
The blink frog blinks!
The blink frog hits you.
The blink frog blinks!
Casting: Sandblast (safe; 1% risk of failure)
Confirm with . or Enter, or press ? or * to list all spells.
Aiming: Brom's Barrelling Boulder (mildly dangerous; 1% risk of failure)
Press: ? - help, Dir - move target, p - blink frog You cannot create a boulder in an occupied space.
Okay, then.
Casting: Brom's Barrelling Boulder (mildly dangerous; 1% risk of failure)
Confirm with . or Enter, or press ? or * to list all spells.
Aiming: Passwall (safe; 1% risk of failure)
Press: ? - help, Dir - move target, p - blink frog A rock wall.
The blink frog hits you but does no damage.
The electric eel shoots out a bolt of lightning at you!
The bolt of electricity hits the blink frog!
The blink frog dies!
The bolt of electricity hits you. The bolt of electricity hits you!
* * * LOW HITPOINT WARNING * * *
You begin to meditate on the wall.
You continue meditating on the rock.
The blink frog closely misses you.
The electric eel shoots out a bolt of lightning at you!
The bolt of electricity hits the blink frog!
The bolt of electricity hits you!
* * * LOW HITPOINT WARNING * * *
The bolt of electricity hits you!
* * * LOW HITPOINT WARNING * * *
The blink frog blinks!
You block the blink frog's attack. The blink frog barely misses you.
You continue meditating on the rock.
The blink frog blinks!
The electric eel shoots out a bolt of lightning at you!
The bolt of electricity hits the blink frog!
The bolt of electricity hits you but does no damage.
The bolt of electricity hits you!
You die...

###..##+####
######..........# ..
....##..........## ...
...###...........# ....
P...##..........P####....
.....'..........+.......~
.....#..........#....§..~
....###....###'#F......~~
..#####.†......#@F♣..~~~
### #.........##F.~S.~..
### #........####♣..~.~~
..###.#......## ,~~....
....###.#...... ,,~~~..
...P##..##.....+ ~~~~.
....###.........# ~~~.
.........+.....## .~~~
....######.....#


You could see 3 blink frogs and an electric eel.

Vanquished Creatures
  Gastronok (D:11)
  A two-headed ogre (D:9)
  Maurice (D:11)
  An unseen horror (D:10)
  A gargoyle (D:11)
  4 kobold demonologists
  2 trolls
  Prince Ribbit (D:5)
  4 hornets
  Grinder (D:5)
  Sigmund (D:5)
  A vampire (D:9)
  A wraith (D:11)
  4 yaks (D:10)
  3 steam dragons
  6 vampire mosquitoes
  An acid dragon (D:10)
  2 water moccasins
  A black bear (D:7)
  6 orc warriors
  A sky beast (D:6)
  5 ogres
  4 centaurs
  9 kobold brigands
  5 gnoll sergeants
  3 bullfrogs
  3 scorpions
  15 wights
  6 killer bees (D:11)
  A howler monkey (D:7)
  4 hounds
  5 orc priests
  Crazy Yiuf (D:4)
  2 sleepcaps (D:6)
  Jessica (D:3)
  8 iguanas
  5 orc wizards
  A howler monkey zombie (D:4)
  17 gnolls
  An adder (D:3)
  2 white imps
  An ufetubus (D:5)
  3 adder zombies (D:4)
  4 worms
  2 dart slugs
  38 orcs
  6 bats
  4 endoplasms
  4 giant cockroaches
  14 goblins
  7 hobgoblins
  24 kobolds
  3 quokkas
  8 ball pythons
  5 frilled lizards
  2 rats
267 creatures vanquished.

Vanquished Creatures (collateral kills)
  A black bear (D:6)
  A kobold (D:9)
  13 boulders
15 creatures vanquished.

Vanquished Creatures (others)
  A blink frog (Lair:1)
  11 boulders
12 creatures vanquished.

Grand Total: 294 creatures vanquished

Notes
Turn   | Place    | Note
-------+----------+-------------------------------------------
     0 | D:1      | Bnni the Formicid Earth Elementalist began the quest for
                  | the Orb.
     0 | D:1      | Reached XP level 1. HP: 13/13 MP: 3/3
     0 | D:1      | Upgraded the game from 0.31-a0-867-g9b2fd80f0c to
                  | 0.31-a0-870-g10ed682358
    36 | D:1      | Reached XP level 2. HP: 12/20 MP: 0/5
   399 | D:1      | Reached skill level 4 in Earth Magic
   480 | D:1      | Reached XP level 3. HP: 25/25 MP: 4/6
   563 | D:1      | Learned a level 2 spell: Passwall
   761 | D:1      | Reached skill level 1 in Fighting
   871 | D:1      | Found a faded altar of an unknown god.
  1467 | D:2      | Reached XP level 4. HP: 32/32 MP: 5/7
  1562 | D:2      | Learned a level 4 spell: Brom's Barrelling Boulder
  1871 | D:3      | Reached skill level 1 in Conjurations
  1968 | D:3      | Reached XP level 5. HP: 37/37 MP: 5/9
  2083 | D:3      | Noticed Jessica
  2091 | D:3      | Killed Jessica
  2092 | D:3      | Reached skill level 5 in Earth Magic
  2200 | D:3      | Found a shimmering blue altar of Sif Muna.
  2200 | D:3      | Found a shimmering altar of Xom.
  2212 | D:3      | Found an ancient bone altar of Kikubaaqudgha.
  2217 | D:3      | Found a hide-covered altar of Uskayaw.
  2246 | D:3      | Found the macabre finger necklace {Finger+ rN+}
  2736 | D:4      | Noticed an ogre
  2986 | D:4      | Found an opulent altar of Gozag.
  3050 | D:4      | Reached XP level 6. HP: 44/44 MP: 7/10
  3097 | D:4      | Found a basalt altar of Yredelemnul.
  3263 | D:4      | Killed an ogre
  3415 | D:4      | Learned a level 3 spell: Stone Arrow
  3774 | D:4      | Found a runed translucent door.
  3775 | D:4      | Noticed Crazy Yiuf
  3809 | D:4      | Killed Crazy Yiuf
  3810 | D:4      | Reached skill level 1 in Armour
  3845 | D:5      | Entered Level 5 of the Dungeon
  3851 | D:5      | Reached XP level 7. HP: 51/51 MP: 7/11
  3853 | D:5      | Noticed a water moccasin
  3859 | D:5      | Killed a water moccasin
  3860 | D:5      | Reached skill level 6 in Earth Magic
  3966 | D:5      | Noticed Prince Ribbit
  3984 | D:5      | Killed Prince Ribbit
  3985 | D:5      | Reached XP level 8. HP: 10/58 MP: 7/13
  4175 | D:5      | Identified the ring of Gyiq {Ice rCorr Int+5 SInv}
  4287 | D:5      | Noticed Sigmund
  4297 | D:5      | Killed Sigmund
  4298 | D:5      | Reached skill level 7 in Earth Magic
  4442 | D:5      | Noticed Grinder
  4448 | D:5      | Killed Grinder
  5181 | D:6      | Reached XP level 9. HP: 65/65 MP: 5/15
  5186 | D:6      | Learned a level 4 spell: Petrify
  5383 | D:6      | Reached skill level 8 in Earth Magic
  5436 | D:6      | Found a staircase to the Ecumenical Temple.
  5445 | Temple   | Entered the Ecumenical Temple
  5857 | D:6      | Found Qaucvuoh's Weapon Shop.
  6133 | D:6      | Reached skill level 5 in Conjurations
  6222 | D:7      | Found an iron altar of Okawaru.
  6225 | D:7      | Found a shadowy altar of Dithmenos.
  6239 | D:7      | Found a radiant altar of Vehumet.
  6349 | D:7      | Found a stormy altar of Qazlal.
  6427 | D:7      | Reached skill level 5 in Spellcasting
  6638 | D:7      | Found a bloodstained altar of Trog.
  6644 | D:7      | Got a leatherbound book
  6667 | D:7      | Noticed a hornet
  6676 | D:7      | Killed a hornet
  6677 | D:7      | Reached skill level 5 in Fighting
  6677 | D:7      | Reached skill level 9 in Earth Magic
  6953 | D:7      | Reached XP level 10. HP: 60/74 MP: 8/17
  7153 | D:7      | Found a hazy altar of Hepliaklqana.
  7228 | D:7      | Found a snail-covered altar of Cheibriados.
  7231 | D:7      | Became a worshipper of Cheibriados the Contemplative
  7314 | D:8      | Reached skill level 5 in Armour
  7314 | D:8      | Reached skill level 1 in Invocations
  7408 | D:8      | Found a staircase to the Lair.
  7438 | D:8      | Found a flagged portal.
  7452 | Bailey   | Entered a bailey
  7467 | Bailey   | Reached * piety under Cheibriados
  7669 | Bailey   | Identified the +2 robe of Focus {rN+ Regen+ Int+3 Archmagi}
  7715 | Bailey   | Reached skill level 10 in Earth Magic
  7873 | Bailey   | Found a burning altar of Makhleb.
  8997 | D:9      | Found a runed translucent gate.
  8997 | D:9      | Found a runed translucent gate.
  8997 | D:9      | Found a runed translucent gate.
  8999 | D:9      | Noticed a cyan ugly thing
  9000 | D:9      | Noticed a red ugly thing
  9001 | D:9      | Noticed a brown ugly thing
  9001 | D:9      | Noticed a glowing orange brain
  9191 | D:9      | Noticed a kobold demonologist
  9192 | D:9      | Noticed a kobold demonologist
  9197 | D:9      | Killed a kobold demonologist
  9197 | D:9      | Reached ** piety under Cheibriados
  9197 | D:9      | Noticed a two-headed ogre
  9199 | D:9      | Noticed an ice devil
  9214 | D:9      | Noticed a kobold demonologist
  9216 | D:9      | You fall into a shaft and drop 2 floors!
  9398 | D:11     | Noticed a kobold demonologist
  9403 | D:11     | Noticed a sun demon
  9409 | D:11     | Killed a kobold demonologist
  9410 | D:11     | Reached XP level 11. HP: 39/82 MP: 15/20
  9562 | D:10     | Entered Level 10 of the Dungeon
  9656 | D:10     | HP: 3/83 [yak (5)]
  9672 | D:10     | Reached skill level 11 in Earth Magic
  9852 | D:9      | Noticed a sun demon
  9884 | D:9      | Killed a two-headed ogre
 10536 | D:10     | Found a staircase to the Orcish Mines.
 10556 | D:10     | Reached *** piety under Cheibriados
 10956 | D:10     | Reached skill level 1 in Shields
 11691 | D:11     | Noticed Gastronok
 11697 | D:11     | Reached **** piety under Cheibriados
 11717 | D:11     | Killed Gastronok
 11718 | D:11     | Reached skill level 5 in Invocations
 11718 | D:11     | Reached XP level 12. HP: 30/91 MP: 1/22
 12082 | D:11     | Noticed Maurice
 12088 | D:11     | Killed Maurice
 12476 | D:12     | Noticed a death knight
 12568 | Lair:1   | Entered Level 1 of the Lair of Beasts
 12671 | Lair:1   | HP: 1/91 [electric eel/bolt of electricity (8)]
 12672 | Lair:1   | Killed from afar by an electric eel

Illustrated notes

Levels and vault maps discovered:
D:1:      minmay_arrival_split_and_join, layout_basic,
          hellmonk_ecumenical_altar_heavens_door
D:2:      layout_basic, minmay_pentomino_s2
D:3:      wad_pebble_path, layout_rooms, minitemple, skrybe_limestone_x,
          uniq_jessica
D:4:      layout_rooms, nicolae_ru_the_path_less_chosen,
          mainiacjoe_overflow_catwalk, nicolae_yredelemnul_corpse_copse,
          nicolae_grassy_gnolls, uniq_crazy_yiuf_cottage
D:5:      layout_loops_ring, chequers_serial_rivers_large_a, uniq_grinder,
          uniq_prince_ribbit1, uniq_sigmund
D:6:      black_bear_nest_2, layout_loops_cross,
          minmay_temple_entry_gardened_gates, serial_shops, shop,
          dk_noncrumbling_4, chequers_serial_rivers_room_a
D:7:      layout_basic, kennysheep_mini, worldfamousw_hep_ancestral_shrine,
          trog_book, lemuel_crystal_altar, grunt_temple_overflow_open
D:8:      layout_basic, lair_entry_dummy, enter_bailey_5, minmay_misc_feat_tower
D:9:      layout_irregular_city, ploomutoo_gammafunk_ghost_potion_laboratory,
          serial_park_tiny_1
D:10:     layout_gridville, kennysheep_orc_monster_closet_entryway
D:11:     layout_small_grid, uniq_gastronok, uniq_maurice
D:12:     layout_irregular_city, uniq_lodul, uniq_nessos
Temple:   nicolae_temple_godpark
Lair:1:   layout_roguey [special_room_bee], nicolae_quartered_pool_medium,
          serial_bayou_pond_e, st_stairs_5, lemuel_fruit_fields

Skill      XL: |  1  2  3  4  5  6  7  8  9 10 11 12 |
---------------+-------------------------------------+-----
Earth Magic    | 4 5 6 7 9 10 11 | 11.9
Fighting       | 1 2 3 4 5 6 7 |  7.5
Conjurations   | 1 2 3 4 5 7 8 |  8.3
Transmutations | 2 3 |  3.0
Spellcasting   | 3 4 5 6 7 |  7.1
Armour         | 1 2 3 4 5 7 |  7.6
Invocations    | 3 5 |  5.3
Shields        | 3 4 |  4.0
Dodging        | |  1.7
Stealth        | |  2.4

Action                     |  1- 3 |  4- 6 |  7- 9 | 10-12 || total
---------------------------+-------+-------+-------+-------++-------
  Melee: Unarmed           |     2 |       |       |       ||     2
         Dagger            |     6 |    24 |    28 |   138 ||   196
         Punch             |       |     1 |       |     3 ||     4
  Throw: Dart              |       |     2 |     2 |    24 ||    28
         Throwing net      |       |       |       |     2 ||     2
   Cast: Sandblast         |    43 |    50 |    97 |   189 ||   379
         Brom's Barrelling |       |    12 |    11 |    16 ||    39
         Stone Arrow       |       |       |       |     8 ||     8
         Passwall          |       |       |       |     2 ||     2
         Petrify           |       |       |       |     3 ||     3
Ability: Dig               |       |       |       |     3 ||     3
         Shaft Self        |       |       |       |     1 ||     1
  Evoke: Wand              |       |     3 |       |     2 ||     5
    Use: Scroll            |     1 |     5 |     4 |     1 ||    11
         Potion            |       |       |       |     1 ||     1
   Stab: Petrified         |       |       |       |     8 ||     8
         Petrifying        |       |       |       |     1 ||     1
 Armour: Robe              |     8 |    24 |       |       ||    32
         Ring mail         |       |     1 |    55 |   266 ||   322
  Dodge: Dodged            |    13 |    18 |    42 |   178 ||   251
  Block: Kite shield       |       |       |       |    31 ||    31

Table legend: (Time is in decaauts)
 A = Elapsed time spent in this place.
 B = Non-inter-level travel time spent in this place.
 C = Inter-level travel time spent in this place.
 D = Time resting spent in this place.
 E = Time spent auto-exploring this place.
 F = Levels seen in this place.
 G = Mean time per level.
                   A        B        C        D        E       F      G
               +--------+--------+--------+--------+--------+-----+--------+
         Total |  14393 |  13932 |    461 |   1806 |   9785 |  15 |  959.5 |
       Dungeon |  13683 |  13223 |    460 |   1704 |   9372 |  12 | 1140.2 |
        Temple |      1 |      1 |      0 |      0 |      0 |   1 |    1.0 |
          Lair |    160 |    160 |      0 |      0 |    119 |   1 |  160.0 |
        Bailey |    548 |    548 |      0 |    102 |    293 |   1 |  548.0 |
               +--------+--------+--------+--------+--------+-----+--------+

Top non-repeatable levels by time:
    D:10: 2022 daAuts
    D:11: 1498 daAuts
     D:8: 1462 daAuts
     D:5: 1334 daAuts
     D:9: 1286 daAuts
     D:1: 1141 daAuts
     D:7: 1091 daAuts
     D:6: 1087 daAuts
     D:3: 1085 daAuts
     D:4: 933 daAuts
     D:2: 725 daAuts
  Bailey: 548 daAuts
  Lair:1: 160 daAuts
    D:12: 14 daAuts
  Temple: 1 daAuts
